Map: Nightscape LE

Players

qqq - Winner!

  • Race: Protoss Protoss
  • League: Platinum
  • Spawn Location: 1:00

Massa - Winner!

  • Race: Terran Terran
  • League: Platinum
  • Spawn Location: 1:00

SimYeong

  • Race: Terran Terran
  • Spawn Location: 7:00

summon

  • Race: Protoss Protoss
  • Spawn Location: 7:00

VOD

Have the link to the VOD?

Description

Time

  • Played on: Dec. 31, 2020, 6:15 a.m.
  • Length: 15:34
Show
View Real Time Build Order
Export as new Build Order

qqq Protoss - Winner!

Build Orders: Carriers 

Get SALT Encoding   

  12  0:01  Probe  
  13  0:15  Probe  
  14  0:24  Pylon  
  14  0:29  Probe  
  15  0:42  Forge  
  15  0:49  Probe  
  16  1:03  Pylon x2  
  16  1:23  Photon Cannon  
  16  1:24  Photon Cannon  
  16  1:39  Pylon  
  16  2:01  Photon Cannon  
  16  2:08  Pylon  
  16  2:17  Photon Cannon  
  14  2:33  Pylon  
  14  2:51  Pylon  
  14  2:54  Gateway  
  14  2:56  Probe (Chrono Boost)  
  14  2:57  Assimilator  
  15  3:03  Assimilator  
  15  3:08  Probe (Chrono Boost)  
  16  3:13  Photon Cannon  
  16  3:14  Probe (Chrono Boost)  
  17  3:23  Probe (Chrono Boost)  
  18  3:31  Probe (Chrono Boost)  
  19  3:37  Probe  
  20  3:49  Probe  
  20  3:55  Cybernetics Core  
  21  3:57  Pylon  
  21  4:01  Probe  
  22  4:13  Probe  
  23  4:23  Nexus  
  23  4:28  Probe  
  24  4:39  Stargate  
  24  4:40  Probe  
  25  4:51  Stargate  
  25  4:53  Probe  
  26  5:05  Probe  
  27  5:14  Photon Cannon  
  27  5:17  Probe  
  28  5:25  Phoenix  
  30  5:29  Probe  
  31  5:37  Phoenix  
  31  5:41  Probe  
  34  5:46  Probe  
  35  5:53  Probe  
  35  5:54  Phoenix  
  38  5:58  Probe, Protoss Air Weapons Level 1  
  39  6:05  Phoenix  
  39  6:07  Probe  
  39  6:10  Probe  
  43  6:19  Probe  
  44  6:28  Assimilator  
  44  6:32  Assimilator  
  44  6:35  Fleet Beacon  
  38  6:59  Phoenix  
  38  7:12  Probe  
  38  7:13  Probe  
  40  7:16  Phoenix  
  40  7:19  Anion Pulse-Crystals (Chrono Boost)  
  42  7:24  Probe  
  42  7:25  Probe  
  44  7:32  Phoenix  
  44  7:36  Probe  
  47  7:37  Probe  
  48  7:47  Phoenix  
  48  7:49  Probe  
  48  7:51  Pylon  
  52  7:57  Phoenix  
  52  8:22  Carrier  
  52  8:23  Phoenix  
  60  8:36  Nexus  
  60  8:39  Pylon  
  60  8:42  Photon Cannon  
  60  8:47  Photon Cannon, Shield Battery  
  60  8:55  Tempest  
  60  9:26  Phoenix  
  58  9:38  Phoenix  
  56  9:41  Protoss Air Armor Level 1  
  56  9:51  Tempest  
  61  10:39  Pylon  
  61  10:42  Pylon  
  61  10:44  Pylon  
  61  10:45  Pylon  
  61  10:52  Nexus  
  61  10:54  Pylon  
  61  10:57  Carrier, Pylon  
  61  11:00  Carrier  
  61  11:02  Mothership  
  81  11:06  Nexus  
  81  11:08  Pylon  
  81  11:12  Pylon  
  81  11:14  Pylon  
  81  11:16  Pylon  
  81  11:17  Pylon  
  77  11:19  Pylon  
  77  11:29  Assimilator  
  77  11:35  Assimilator  
  72  12:02  Carrier  
  72  12:04  Carrier  
  79  12:12  Photon Cannon  
  79  12:16  Photon Cannon  
  79  12:18  Photon Cannon, Stargate  
  79  12:20  Photon Cannon  
  79  12:22  Photon Cannon  
  79  12:24  Shield Battery  
  78  12:32  Protoss Air Weapons Level 2 (Chrono Boost)  
  78  12:45  Photon Cannon  
  78  12:48  Photon Cannon  
  78  13:15  Carrier  
  78  13:16  Carrier  
  78  13:17  Probe  
  78  13:18  Probe  
  92  13:29  Probe  
  92  13:30  Probe  
  94  13:43  Photon Cannon  
  94  13:48  Photon Cannon  
  94  14:06  Carrier  
  100  14:19  Tempest  
Show
View Real Time Build Order
Export as new Build Order

Massa Terran - Winner!

Build Orders: Reaper Expand 

Get SALT Encoding   

  12  0:00  SCV  
  13  0:12  SCV  
  14  0:22  Supply Depot  
  14  0:24  SCV  
  15  0:43  SCV  
  15  0:45  Refinery  
  15  0:46  Barracks  
  16  0:56  SCV  
  17  1:08  SCV  
  18  1:48  Reaper  
  18  1:53  Command Center  
  17  2:02  Orbital Command  
  17  2:26  Factory  
  17  2:31  Marine  
  18  2:37  Supply Depot  
  18  2:39  SCV  
  19  2:55  Barracks Tech Lab  
  19  2:58  SCV  
  19  3:02  Refinery  
  20  3:07  Orbital Command  
  20  3:10  SCV, Factory Tech Lab  
  21  3:22  SCV  
  22  3:29  Siege Tank  
  22  3:33  SCV  
  26  3:36  SCV  
  27  3:45  SCV  
  27  3:47  Stimpack  
  28  3:57  SCV  
  29  4:09  SCV  
  30  4:32  SCV  
  30  4:33  SCV  
  32  4:42  Cyclone  
  32  4:44  SCV, Engineering Bay  
  36  4:45  SCV  
  37  4:52  Supply Depot  
  37  4:57  SCV, Supply Depot  
  37  4:58  Refinery  
  38  5:05  Barracks, Supply Depot  
  38  5:06  Barracks  
  38  5:08  Supply Depot x2  
  38  5:13  Missile Turret  
  38  5:14  SCV x2, Marauder  
  38  5:16  Missile Turret  
  38  5:18  Missile Turret  
  41  5:30  Widow Mine  
  43  5:37  Marine  
  43  5:38  Combat Shield  
  44  5:47  Missile Turret  
  44  5:51  Refinery, Widow Mine  
  44  5:54  Command Center  
  44  5:55  Marine x3  
  49  6:01  Barracks  
  49  6:13  Marine x2  
  49  6:14  Sensor Tower  
  49  6:16  SCV x2  
  53  6:28  SCV  
  53  6:30  Marine  
  53  6:31  Siege Tank  
  53  6:32  Terran Infantry Weapons Level 1  
  58  6:38  Barracks Reactor, Armory  
  58  7:00  SCV x2  
  60  7:06  Missile Turret  
  56  7:12  SCV x2  
  58  7:16  Missile Turret  
  58  7:18  Marine x2  
  58  7:19  Marauder, Marine x2  
  58  7:22  Concussive Shells  
  64  7:24  SCV  
  64  7:27  Starport  
  65  7:36  Marine x2  
  67  7:39  Orbital Command  
  67  7:40  Marauder  
  67  7:42  SCV x2  
  71  7:54  SCV x2  
  73  8:03  Missile Turret  
  73  8:06  SCV x3  
  73  8:12  Missile Turret  
  76  8:15  Sensor Tower  
  76  8:18  SCV x3, Marauder, Marine x2  
  76  8:19  Barracks Reactor, Barracks Tech Lab  
  83  8:24  Medivac  
  85  8:27  Terran Infantry Armor Level 1  
  85  8:29  Terran Vehicle Weapons Level 1  
  85  8:30  SCV x3  
  88  8:35  Drilling Claws  
  88  8:36  Marine x2  
  88  8:37  Widow Mine  
  92  8:42  SCV, Factory  
  93  8:56  SCV  
  93  8:59  SCV  
  93  9:00  Marauder  
  92  9:05  Widow Mine  
  86  9:20  SCV x2  
  86  9:21  SCV, Marauder x2  
  86  9:22  Supply Depot x2  
  86  9:23  Supply Depot  
  93  9:24  Supply Depot  
  93  9:25  Supply Depot  
  93  9:26  Supply Depot  
  93  9:27  Supply Depot  
  93  9:31  Marine  
  93  9:32  Marine  
  93  9:43  Marine x2, Medivac, Thor  
  103  9:48  Marine  
  103  9:49  Marine  
  103  9:50  Factory Reactor  
  95  10:01  Marine x2  
  87  10:13  Medivac  
  82  10:19  Marauder x2, Marine x3  
  82  10:20  Marine  
  88  10:26  Thor  
  94  10:37  Marine x4  
  94  10:39  Widow Mine  
  94  10:40  Widow Mine, Marauder  
  94  10:41  Marauder  
  106  10:43  Smart Servos, Medivac  
  106  10:49  Refinery  
  108  10:50  Refinery  
  108  10:51  Command Center  
  108  10:55  Marine  
  109  10:57  Command Center  
  109  11:01  Widow Mine x2  
  109  11:02  Marauder  
  115  11:09  Siege Tank  
  118  11:22  Widow Mine  
  120  11:35  Widow Mine  
  120  11:36  Marauder x2, Marine  
  120  11:37  Marine  
  128  11:41  Siege Tank  
  128  11:44  Widow Mine  
  95  11:55  Marine  
  95  11:56  Widow Mine, Marine x3  
  95  11:57  Marauder  
  95  11:58  Marauder  
  105  12:05  Widow Mine  
  107  12:13  Marine, Thor  
  107  12:14  Marine x3  
  111  12:19  Marauder x2  
  115  12:31  Marine  
  115  12:32  Marine  
  117  12:56  Thor  
  122  13:10  Marauder  
  122  13:11  Marauder, Marine x4  
  125  13:14  Widow Mine x2  
  125  13:16  SCV x3  
  125  13:19  Planetary Fortress  
  132  13:28  SCV x3  
  132  13:29  Marine x2  
  132  13:32  Marauder x2  
  141  13:36  Widow Mine x2  
  141  13:38  Marine, Thor  
  141  13:39  Marine  
  141  13:40  SCV x2  
  155  13:46  Marine  
  155  13:47  Marine  
  137  13:53  Marauder x2  
  136  13:56  Marine x2  
  136  13:57  Widow Mine  
  133  14:04  Marine  
  133  14:05  Marine  
  135  14:15  Marauder x2  
  137  14:21  Thor  
  143  14:26  Medivac  
  133  14:56  Medivac  
Show
View Real Time Build Order
Export as new Build Order

SimYeong Terran 

Build Orders: Reaper Expand 

Get SALT Encoding   

  12  0:01  SCV  
  13  0:13  SCV  
  14  0:18  Supply Depot  
  14  0:28  SCV  
  15  0:40  SCV  
  16  0:43  Barracks  
  16  0:52  SCV  
  16  0:54  Refinery  
  17  1:04  SCV  
  18  1:23  SCV  
  19  1:40  Reaper  
  19  2:04  Orbital Command  
  19  2:12  Marine  
  20  2:29  Marine  
  20  2:41  SCV  
  20  2:44  Command Center  
  21  2:47  Marine  
  21  2:48  Refinery  
  21  2:49  Factory  
  22  2:53  SCV  
  22  2:57  Supply Depot  
  23  3:19  SCV  
  23  3:32  Marine  
  23  3:40  Factory Tech Lab  
  23  3:44  Starport  
  23  3:52  Barracks Tech Lab  
  23  3:55  SCV  
  24  3:57  Orbital Command  
  24  4:07  SCV  
  25  4:11  Siege Tank  
  25  4:15  Marine  
  28  4:28  Orbital Command, Stimpack  
  28  4:29  SCV  
  29  4:33  Marine  
  30  4:41  SCV  
  30  4:43  Siege Tank  
  34  4:53  SCV x2  
  34  4:58  Marine, Supply Depot  
  37  5:00  Supply Depot  
  37  5:03  Barracks  
  37  5:05  SCV  
  37  5:06  Engineering Bay  
  38  5:19  Medivac  
  38  5:20  SCV x2  
  42  5:32  SCV x2  
  44  5:36  Supply Depot  
  44  5:43  Siege Tank  
  44  5:44  SCV x2  
  49  5:54  Refinery, Terran Infantry Weapons Level 1  
  49  5:55  Engineering Bay  
  49  5:56  SCV x2, Medivac  
  53  6:05  Barracks  
  53  6:06  Marine  
  53  6:07  Barracks x2  
  53  6:08  SCV x2  
  56  6:14  Supply Depot  
  56  6:20  SCV  
  56  6:23  SCV  
  56  6:24  Marine  
  59  6:27  Marine  
  59  6:30  Combat Shield  
  59  6:32  SCV  
  61  6:35  SCV  
  61  6:36  Terran Infantry Armor Level 1  
  62  6:42  Marine  
  62  6:44  SCV, Marine  
  65  6:47  SCV  
  66  6:55  Barracks Reactor x2  
  66  6:56  SCV  
  66  6:59  SCV, Marine  
  69  7:02  Marine  
  69  7:08  Barracks Reactor  
  70  7:17  Command Center  
  70  7:21  Refinery  
  70  7:22  Supply Depot  
  70  7:24  Supply Depot  
  70  7:25  Supply Depot  
  70  7:27  SCV x2, Marine x2  
  74  7:31  Siege Tank  
  74  7:36  Armory  
  77  7:39  SCV x2  
  79  7:44  Factory  
  79  7:45  Marine  
  79  7:51  Marine x6  
  81  7:52  SCV x2, Marine  
  89  8:03  Marine  
  90  8:29  Siege Tank  
  90  8:30  Marine x3  
  90  8:31  Factory Tech Lab, Marine x4  
  90  8:32  Marine  
  101  8:48  Marine x3  
  103  9:01  Siege Tank  
  98  9:10  Marine  
  98  9:11  Marine x7  
  103  9:20  Siege Tank  
  106  9:28  Marine  
  106  9:29  Marine x7  
  114  9:33  Siege Tank  
  117  9:46  Marine  
  117  9:47  Marine x7  
  99  10:04  Marine x8  
  100  10:22  Marine x8  
  100  10:25  Orbital Command  
  100  10:26  SCV x2  
  106  10:37  Refinery  
  106  10:38  Refinery, SCV  
  106  10:39  SCV, Marine, Thor x2  
  106  10:40  Marine x7  
  122  10:50  SCV  
  122  10:51  SCV  
  124  10:57  Marine  
  125  11:08  Command Center  
  125  11:12  SCV  
  125  11:15  SCV  
  125  11:38  SCV  
  125  11:43  SCV  
  98  11:56  Marine x2, Thor x2  
  98  11:57  Marine x6  
  118  12:06  Barracks  
  118  12:07  Barracks x2  
  118  12:08  Barracks  
  118  12:14  Marine x2  
  118  12:15  Marine x5  
  125  12:29  Factory  
  125  12:31  Factory  
  125  12:53  Marine  
  125  12:54  Marine x2  
  125  12:55  Marine x2  
  125  12:56  Marine x2  
  125  12:57  Marine  
  125  12:58  Medivac  
  105  13:11  Marine  
  105  13:12  Marine x2  
  102  13:13  Marine x2  
  102  13:14  Marine x3  
  102  13:15  Thor x2  
  102  13:18  Terran Infantry Armor Level 2, Terran Infantry Weapons Level 2  
  119  13:20  Terran Vehicle Weapons Level 1  
  119  13:24  Barracks Reactor x4  
  119  13:28  Medivac  
  119  13:29  Marine  
  119  13:30  Marine x2  
  119  13:32  Marine  
  125  13:46  Marine  
  125  13:47  Marine x5  
  125  13:48  Marine, Supply Depot  
  131  13:49  Supply Depot  
  131  13:50  Marine  
  131  13:51  Supply Depot  
  131  13:54  Supply Depot  
  103  13:58  Medivac  
  91  14:07  Marine  
  91  14:08  Marine x8  
  91  14:09  Factory Tech Lab  
  100  14:10  Factory Tech Lab  
  100  14:13  Siege Tank x2  
  105  14:28  Medivac  
  77  14:51  Marine x3  
  77  14:52  Marine x13  
  85  14:57  Medivac  
  80  15:09  Marine x7  
Show
View Real Time Build Order
Export as new Build Order

summon Protoss 

Build Orders: Cannon Rush 

Get SALT Encoding   

  12  0:00  Probe  
  13  0:13  Probe  
  14  0:18  Pylon  
  14  0:25  Probe (Chrono Boost)  
  15  0:37  Probe (Chrono Boost)  
  15  0:40  Forge  
  16  0:45  Probe (Chrono Boost)  
  17  0:51  Probe  
  18  0:57  Pylon  
  18  1:14  Photon Cannon  
  18  1:21  Photon Cannon  
  18  1:27  Pylon  
  18  1:29  Pylon  
  18  1:37  Photon Cannon  
  16  1:48  Probe  
  17  2:00  Probe (Chrono Boost)  
  18  2:06  Gateway  
  18  2:13  Assimilator  
  18  2:16  Pylon  
  18  2:25  Probe (Chrono Boost)  
  17  2:37  Probe (Chrono Boost)  
  18  2:46  Probe (Chrono Boost)  
  19  2:51  Assimilator  
  19  2:52  Probe  
  19  2:53  Cybernetics Core  
  20  3:04  Pylon  
  20  3:06  Probe  
  21  3:26  Probe (Chrono Boost)  
  22  3:31  Stalker  
  24  3:35  Probe (Chrono Boost)  
  24  3:37  Stargate  
  24  3:40  Probe (Chrono Boost)  
  26  3:52  Probe  
  26  4:12  Probe  
  27  4:24  Probe  
  28  4:33  Pylon  
  28  4:35  Phoenix (Chrono Boost)  
  28  4:36  Probe  
  28  4:37  Stargate  
  31  4:42  Pylon  
  31  4:51  Probe  
  32  4:55  Phoenix  
  34  5:13  Nexus  
  34  5:17  Probe  
  36  5:29  Probe  
  36  5:31  Phoenix (Chrono Boost)  
  36  5:33  Phoenix (Chrono Boost), Pylon  
  39  5:38  Assimilator  
  39  5:43  Probe  
  40  5:56  Probe  
  41  5:58  Phoenix  
  41  6:01  Phoenix  
  45  6:10  Probe  
  46  6:21  Pylon  
  46  6:22  Probe (Chrono Boost)  
  55  6:25  Phoenix  
  47  6:31  Probe (Chrono Boost)  
  50  6:34  Probe (Chrono Boost)  
  51  6:41  Probe (Chrono Boost)  
  51  6:42  Probe (Chrono Boost)  
  51  6:45  Phoenix  
  51  6:46  Probe (Chrono Boost)  
  52  6:59  Phoenix  
  52  7:01  Probe  
  51  7:10  Phoenix  
  51  7:14  Assimilator  
  53  7:20  Nexus  
  53  7:21  Probe (Chrono Boost)  
  54  7:24  Probe (Chrono Boost)  
  55  7:35  Probe (Chrono Boost)  
  55  7:36  Fleet Beacon  
  56  7:37  Probe (Chrono Boost)  
  56  7:43  Probe  
  58  7:46  Probe  
  58  7:49  Phoenix  
  61  7:52  Phoenix  
  63  8:03  Probe x2  
  65  8:15  Probe x2  
  67  8:21  Pylon  
  67  8:22  Anion Pulse-Crystals (Chrono Boost), Phoenix (Chrono Boost)  
  67  8:26  Pylon  
  67  8:27  Probe x2  
  71  8:37  Probe, Phoenix (Chrono Boost)  
  71  8:39  Probe  
  71  8:40  Probe  
  74  8:44  Phoenix (Chrono Boost)  
  76  8:49  Probe  
  77  9:00  Phoenix  
  77  9:05  Stargate  
  77  9:06  Stargate  
  76  9:17  Probe  
  68  10:01  Phoenix  
  68  10:05  Phoenix  
  68  10:11  Phoenix  
  70  10:23  Probe  
  70  10:26  Phoenix, Assimilator  
  70  10:27  Assimilator  
  73  10:29  Stargate  
  73  10:30  Stargate  
  73  10:31  Probe, Phoenix (Chrono Boost)  
  76  10:36  Phoenix (Chrono Boost)  
  76  10:38  Probe  
  79  10:44  Pylon, Nexus  
  79  10:52  Phoenix x2 (Chrono Boost)  
  83  10:57  Probe x2  
  85  11:05  Protoss Air Weapons Level 1 (Chrono Boost)  
  85  11:08  Phoenix (Chrono Boost)  
  85  11:11  Probe  
  82  11:28  Phoenix x2  
  82  11:34  Phoenix x2  
  74  11:49  Probe x2  
  74  11:53  Phoenix x2  
  80  11:55  Probe x2  
  80  11:59  Phoenix x2  
  86  12:01  Probe  
  86  12:03  Probe  
  86  12:07  Probe  
  85  12:15  Pylon  
  85  12:18  Phoenix x2, Pylon  
  85  12:19  Probe  
  85  12:21  Probe  
  85  12:22  Assimilator  
  91  12:24  Probe  
  91  12:25  Phoenix (Chrono Boost)  
  91  12:26  Phoenix (Chrono Boost)  
  91  12:29  Assimilator  
  98  12:30  Phoenix (Chrono Boost)  
  96  12:38  Phoenix (Chrono Boost)  
  96  12:42  Phoenix (Chrono Boost)  
  96  12:43  Phoenix (Chrono Boost)  
  102  12:48  Phoenix (Chrono Boost)  
  88  13:11  Phoenix x2 (Chrono Boost)  
  94  13:14  Phoenix (Chrono Boost)  
  94  13:19  Phoenix (Chrono Boost)  
  94  13:20  Probe  
  95  13:31  Probe x2  
  95  13:32  Probe x2  
  97  13:34  Carrier (Chrono Boost)  
  97  13:35  Pylon  
  97  13:36  Nexus  
  97  13:37  Pylon  
  103  13:43  Carrier (Chrono Boost)  
  107  14:02  Carrier (Chrono Boost)  
  107  14:03  Carrier (Chrono Boost)  
  114  14:54  Shield Battery  
  114  14:55  Shield Battery  
  93  15:21  Pylon  
  93  15:24  Pylon  
Tags
 
Add a new tag
Caveats
  • Supply blocks, unpowered buildings, or Contaminate may cause inaccurate times.
  • Supply counts are checked every 10 seconds.